 Dungeon Crawl Stone Soup version 0.21-a0-29-g43b3074 (webtiles) character file.

9752 grindst0ne the Fighter (level 11, -1/100 HPs)
             Began as a Formicid Fighter on May 26, 2017.
             Was an Elder of Cheibriados.
             Slain by an orc knight
             ... wielding a cursed -1 halberd
              (38 damage)
             ... in a bailey.
             The game lasted 00:24:26 (10169 turns).

grindst0ne the Fighter (Formicid Fighter)          Turns: 10169, Time: 00:24:26

Health: -1/100     AC:  9    Str: 30    XL:     11   Next: 80%
Magic:  15/15      EV: 10    Int: 15    God:    Cheibriados [****..]
Gold:   458        SH: 20    Dex: 22    Spells: 10/10 levels left

rFire    + + +     SeeInvis +   l - +0 glaive (freeze)
rCold    + . .     Gourm    .   c - +1 shield
rNeg     . . .     Faith    .   g - +1 scale mail {rF+}
rPois    +         Spirit   .   (helmet unavailable)
rElec    .         Reflect  +   (no cloak)
rCorr    .         Harm     .   (no gloves)
MR       ++...                  (no boots)
Stlth    ..........             p - +6 amulet of reflection
Regen    0.3/turn               G - ring "Xifucs" {rPois rC+ MR+ Int-2 Stlth-}
MPRegen  0.2/turn               z - ring of protection from fire

@: very slow
A: permanent stasis, dig shafts and tunnels, four strong arms, antennae 3, fire
resistance 1, robust 1
a: Dig, Shaft Self, Bend Time, Temporal Distortion, Slouch, Renounce Religion


You were in a bailey.
You worshipped Cheibriados.
Cheibriados was greatly pleased with you.
You were hungry.

You visited 1 branch of the dungeon, and saw 10 of its levels.
You also visited: Bailey.

You collected 598 gold pieces.
You spent 140 gold pieces at shops.

Inventory:

Hand Weapons
 a - a +1 war axe
 j - a +2 scimitar of flaming
 l - a +0 glaive of freezing (weapon)
Armour
 b - a +0 chain mail
 c - a +1 shield (worn)
 g - a +1 scale mail of fire resistance (worn)
Jewellery
 k - an uncursed ring of protection from cold
 p - a +6 amulet of reflection (around neck)
 z - a ring of protection from fire (right hand)
 G - the ring "Xifucs" (left hand) {rPois rC+ MR+ Int-2 Stlth-}
   (You bought it in a shop on level 6 of the Dungeon)

   [ring of loudness]

   It affects your intelligence (-2).
   It protects you from cold.
   It protects you from poison.
   It affects your resistance to hostile enchantments.
   It makes you less stealthy.
Wands
 y - a wand of digging (8/24)
Scrolls
 i - 2 scrolls of enchant armour
 q - 4 scrolls of enchant weapon
 s - 2 scrolls of magic mapping
 w - 2 scrolls of remove curse
Potions
 d - a potion of might
 e - a potion of mutation
 t - 4 potions of curing
 u - 2 potions of ambrosia
 A - a potion of magic
 C - a potion of flight
 F - a potion of haste
Comestibles
 f - 3 bread rations
 n - 3 royal jellies
 o - 10 fruits
 v - 2 meat rations


   Skills:
 + Level 10.3 Fighting
 + Level 9.1 Axes
 - Level 9.0 Armour
 - Level 9.0 Shields
 - Level 6.0 Invocations
 * Level 5.8 Evocations


You had 10 spell levels left.
You didn't know any spells.

Dungeon Overview and Level Annotations

Branches:
Dungeon (10/15)            Temple (0/1) D:5            Lair (0/6) D:10
    Orc: D:9-12

Altars:
Ashenzari
Cheibriados
Dithmenos
Fedhas
Gozag
Hepliaklqana
Kikubaaqudgha
Ru
Trog
Wu Jian
Xom
Yredelemnul
Zin

Shops:
D:5 :   D:6 *

Annotations:
D:2 2 transporters
D:6 1 exclusion


Innate Abilities, Weirdness & Mutations

You cannot be hasted, slowed, berserked, paralysed or teleported.
You can dig through walls and to a lower floor.
Your four strong arms can wield two-handed weapons with a shield.
You have a pair of large antennae on your head. (SInv)
Your flesh is heat resistant. (rF+)
You are robust. (+10% HP)


Message History

The orc knight is moderately wounded.
The orc knight roars a battlecry!
The orc warrior goes into a battle-frenzy!
You closely miss the orc knight.
The orc knight is moderately wounded.
The orc warrior no longer looks unusually strong.
The orc knight no longer looks unusually strong.
The orc knight roars a battlecry!
The orc knight goes into a battle-frenzy!
You hit the orc knight but do no damage.
The orc knight is moderately wounded.
The orc no longer looks unusually strong.
You block the orc knight's attack. The orc knight barely misses you.
Your scale mail prevents you from hitting the orc knight.
The orc knight is moderately wounded.
You block the orc knight's attack.
You closely miss the orc knight.
The orc knight is moderately wounded.
The orc knight hits you with a halberd!!!
You die...

#### #### #.o##
##..#
##@#)#######..∩## #
#....#.....#..∩.##.
#$.....≈≈≈......#..
#?..#.≈≈o≈≈.......≈
#...+.≈ooo≈.......≈
#!..#.≈≈o≈≈.......≈
#...#..≈≈≈..#...#..
#...##.....##...##.
##.# #######.#∩## #


You could see 2 orc knights, 3 orc warriors and an orc.

Vanquished Creatures
  A centaur warrior (D:9)
  Erica (D:9)
  5 two-headed ogres
  Joseph (D:7)
  A troll (D:9)
  Grinder (D:3)
  2 hippogriffs
  4 yaks (D:9)
  A vampire (D:9)
  Grum (D:8)
  A hungry ghost (D:8)
  A water moccasin (D:6)
  3 orc warriors
  A hornet zombie (D:8)
  3 ice beasts
  5 ogres
  3 wolves (D:8)
  2 centaurs
  4 bullfrogs
  A scorpion (D:7)
  2 howler monkeys
  4 crimson imps
  A centaur zombie (D:9)
  2 jellies
  2 orc priests
  A gnoll shaman (D:6)
  2 hounds
  3 bullfrog skeletons
  A centaur skeleton (D:5)
  3 iguanas
  4 orc wizards
  4 worker ants
  A killer bee zombie (D:6)
  A howler monkey zombie (D:6)
  A worker ant zombie (D:6)
  7 adders
  7 gnolls (D:6)
  A howler monkey skeleton (D:8)
  2 shadow imps (D:8)
  3 adder zombies
  4 worms
  4 dart slugs
  3 leopard geckos
  20 orcs
  5 giant cockroaches
  8 hobgoblins
  13 jackals
  3 quokkas
  6 bats
  5 frilled lizards
  11 goblins
  12 kobolds
  6 rats
  A bush (D:6)
195 creatures vanquished.

Vanquished Creatures (others)
  A centaur (D:6)
  An adder (D:3)
  3 jackals (D:3)
5 creatures vanquished.

Grand Total: 200 creatures vanquished

Notes
Turn   | Place    | Note
-------+----------+-------------------------------------------
     0 | D:1      | grindst0ne the Formicid Fighter began the quest for the Orb.
     0 | D:1      | Reached XP level 1. HP: 18/18 MP: 1/1
    31 | D:1      | Reached XP level 2. HP: 18/24 MP: 2/2
   455 | D:1      | Reached XP level 3. HP: 30/30 MP: 3/3
   848 | D:2      | Found an opulent altar of Gozag.
   937 | D:2      | Reached skill level 4 in Fighting
   982 | D:2      | Reached XP level 4. HP: 36/37 MP: 4/4
   983 | D:2      | Found a shattered altar of Ashenzari.
   985 | D:2      | Noticed an ice beast
  1460 | D:2      | Reached skill level 5 in Shields
  1922 | D:3      | Noticed Grinder
  1956 | D:3      | Killed Grinder
  1956 | D:3      | Reached XP level 5. HP: 22/43 MP: 5/5
  1956 | D:3      | Reached XP level 6. HP: 25/50 MP: 6/6
  2380 | D:3      | Reached skill level 5 in Fighting
  2389 | D:3      | Reached XP level 7. HP: 53/56 MP: 7/7
  3251 | D:4      | Found a snail-covered altar of Cheibriados.
  3267 | D:4      | Became a worshipper of Cheibriados the Contemplative
  3934 | D:5      | Entered Level 5 of the Dungeon
  4510 | D:5      | Found an ancient bone altar of Kikubaaqudgha.
  4616 | D:5      | Found a staircase to the Ecumenical Temple.
  4699 | D:5      | Found Mecuza's Book Emporium.
  5048 | D:6      | Reached XP level 8. HP: 64/64 MP: 8/8
  5117 | D:6      | Found a shimmering altar of Xom.
  5125 | D:6      | Found an ornate altar of the Wu Jian Council.
  5275 | D:6      | Found Cotaubo's Assorted Antiques.
  5282 | D:6      | Bought a coiled platinum ring for 140 gold pieces
  5283 | D:6      | Identified the ring "Xifucs" {rPois rC+ MR+ Int-2 Stlth-} (You bought it in a shop on level 6 of the Dungeon)
  5285 | D:6      | Gained mutation: Your magical capacity is low. (-10% MP) [potion of mutation]
  5285 | D:6      | Gained mutation: Your flesh is heat resistant. (rF+) [potion of mutation]
  5286 | D:6      | Lost mutation: Your magical capacity is low. (-10% MP) [potion of mutation]
  5286 | D:6      | Lost mutation: Your flesh is heat resistant. (rF+) [potion of mutation]
  5286 | D:6      | Gained mutation: Your flesh is heat resistant. (rF+) [potion of mutation]
  5286 | D:6      | Gained mutation: You are robust. (+10% HP) [potion of mutation]
  5322 | D:6      | Reached skill level 6 in Fighting
  5381 | D:6      | Reached * piety under Cheibriados
  6094 | D:6      | Reached skill level 1 in Invocations
  6107 | D:6      | Reached skill level 5 in Axes
  6378 | D:6      | Found a glowing silver altar of Zin.
  6378 | D:6      | Noticed an angel
  6387 | D:6      | Found a sacrificial altar of Ru.
  6543 | D:7      | Found a blossoming altar of Fedhas.
  6591 | D:7      | Found a basalt altar of Yredelemnul.
  6608 | D:7      | Found a shadowy altar of Dithmenos.
  6673 | D:7      | Reached XP level 9. HP: 68/78 MP: 11/11
  7090 | D:7      | Reached skill level 7 in Fighting
  7100 | D:7      | Reached ** piety under Cheibriados
  7280 | D:7      | Noticed Joseph
  7299 | D:7      | Reached skill level 5 in Invocations
  7313 | D:7      | Killed Joseph
  7719 | D:8      | Noticed a hippogriff
  7726 | D:8      | Killed a hippogriff
  7808 | D:8      | Noticed a two-headed ogre
  7822 | D:8      | Killed a two-headed ogre
  7822 | D:8      | Reached skill level 8 in Fighting
  7822 | D:8      | Reached XP level 10. HP: 24/89 MP: 14/14
  7902 | D:8      | Noticed a two-headed ogre
  8102 | D:8      | Killed a two-headed ogre
  8234 | D:8      | Noticed Grum
  8265 | D:8      | Killed Grum
  8446 | D:8      | Reached *** piety under Cheibriados
  8609 | D:8      | Found a hazy altar of Hepliaklqana.
  8713 | D:9      | Reached skill level 9 in Fighting
  8869 | D:9      | Reached XP level 11. HP: 97/97 MP: 15/15
  8980 | D:9      | Found a bloodstained altar of Trog.
  9121 | D:9      | Noticed Erica
  9137 | D:9      | Killed Erica
  9137 | D:9      | Reached **** piety under Cheibriados
  9408 | D:9      | Noticed a two-headed ogre
  9409 | D:9      | Noticed a two-headed ogre
  9417 | D:9      | Killed a two-headed ogre
  9422 | D:9      | Killed a two-headed ogre
  9425 | D:9      | Reached skill level 10 in Fighting
  9660 | D:9      | Noticed a centaur warrior
  9672 | D:9      | Killed a centaur warrior
  9672 | D:9      | Reached skill level 5 in Evocations
 10047 | D:9      | Noticed a two-headed ogre
 10055 | D:9      | Killed a two-headed ogre
 10064 | D:10     | Entered Level 10 of the Dungeon
 10064 | D:10     | Found a flagged portal.
 10078 | D:10     | Found a staircase to the Lair.
 10120 | Bailey   | Entered a bailey
 10120 | Bailey   | Noticed an orc knight
 10155 | Bailey   | Noticed an orc knight
 10169 | Bailey   | Slain by an orc knight

Vault maps used:
D:1:      lordsloth_arrival_two_stooges
D:2:      gammafunk_temple_overflow_arena, grunt_ministairs_11,
          nicolae_gozag_seed_capital
D:3:      minmay_statues_item, lemuel_old_faithful, uniq_grinder
D:4:      nicolae_overflow_crystal_walls
D:5:      kennysheep_little_box, minmay_temple_entry_statues, first_bread,
          serial_shops, shop
D:6:      zin_angel, nicolae_ru_the_path_less_chosen, minitemple, serial_shops,
          shop, kb_lookout_dungeons_type
D:7:      kennysheep_mini, nicolae_dithmenos_through_a_glass_darkly,
          nicolae_overflow_hidden_temple, uniq_joseph
D:8:      lemuel_doored_altar, uniq_grum
D:9:      lightli_temple_of_fire, uniq_erica
D:10:     lair_entry_dummy, enter_bailey_3, blue_anna_alchemist
Bailey:   bailey_polearm_4, bailey

Skill      XL: |  1  2  3  4  5  6  7  8  9 10 11 |
---------------+----------------------------------+-----
Shields        | 4 6 7 9 |  9.0
Fighting       | 4 5 6 8 9 10 | 10.3
Axes           | 3 4 5 7 9 |  9.1
Invocations    | 3 6 |  6.0
Armour         | 6 8 9 |  9.0
Evocations     | 5 |  5.8

Action                   |  1- 3 |  4- 6 |  7- 9 | 10-12 || total
-------------------------+-------+-------+-------+-------++-------
Melee: War axe           |   104 |   157 |   394 |    47 ||   702
       Glaive            |       |       |       |   170 ||   170
 Abil: Dig               |       |     1 |     6 |     8 ||    15
  Use: Scroll            |       |       |    20 |     2 ||    22
       Potion            |       |       |     3 |     3 ||     6
  Eat: Chunk             |       |     5 |    11 |     2 ||    18
       Bread ration      |       |       |     2 |       ||     2
Armor: Scale mail        |    51 |    54 |    46 |    28 ||   179
       Chain mail        |       |       |     7 |       ||     7
       Skin              |       |       |       |    39 ||    39
Dodge: Dodged            |    36 |    59 |    72 |    50 ||   217
Block: Shield            |    60 |    72 |   303 |   284 ||   719
       Reflection        |       |       |    22 |     6 ||    28
